cohdb
Replays
Latest Replays
All Replays
Popular Replays
Top Player Replays
Match Explorer
How It Works
Community
CoH3 Stats
Reddit
Sign in to upload your games and track your stats! →
Sign in with Steam
Match 34279026
Unlisted
Match 34279026
Overview
Messages
Build Orders
End
Engineer Squad
Selects Armored Battlegroup
Selects Assault Engineers
Construct Weapon Support Center
Assault Engineer Squad
M1919 Machine Gun Team
Sniper
Air Support Center
M1919 Machine Gun Team
Grasshopper Recon Run
Bazooka Squad
P-47 Dive Bomb
Construct Tank Depot
P-47 Strafing Run
Grasshopper Recon Run
Selects Strength in Steel
Selects M8 Scott SPG
Selects UNKNOWN (2160077)
Bazooka Squad
P-47 Dive Bomb
P-47 Strafing Run
M4A3E8 Sherman Easy Eight
Grasshopper Recon Run
Selects Field Repairs
Assault Engineer Squad
Bazooka Squad
P-47 Strafing Run
Grasshopper Recon Run
Selects War Machine
M1919 Machine Gun Team
Assault Engineer Squad
Bazooka Squad
P-47 Dive Bomb
M4A3E8 Sherman Easy Eight
Grasshopper Recon Run
Grasshopper Recon Run
Bazooka Squad
M1919 Machine Gun Team
Assault Engineer Squad
M18 Hellcat Tank Destroyer
SuperBoB
Asenar
Bruistablet
captainbros
0
0
Comments
sign in to comment!
No comments posted yet!